 Dungeon Crawl Stone Soup version 0.23.1-37-gaa34b87b72 (webtiles) character file.

Game seed: 12881945998768624748

794 PentaManta the Quickloader (level 8, 0/49 HPs)
             Began as a Kobold Hunter on Mar 22, 2019.
             Was an Initiate of Okawaru.
             Slain by an orc warrior
             ... wielding a +0 battleaxe
              (14 damage)
             ... on level 6 of the Dungeon.
             The game lasted 00:08:50 (4622 turns).

PentaManta the Quickloader (Kobold Hunter)          Turns: 4622, Time: 00:08:51

Health: 0/49       AC:  4    Str:  9    XL:     8   Next: 12%
Magic:  8/8        EV: 22    Int: 12    God:    Okawaru [......]
Gold:   236        SH:  0    Dex: 18    Spells: 7/7 levels left

rFire    . . .     SeeInvis .   a - +1 hand crossbow
rCold    . . .     Gourm    .   (shield restricted)
rNeg     . . .     Faith    .   c - +0 leather armour
rPois    .         Spirit   .   (no helmet)
rElec    .         Reflect  .   (no cloak)
rCorr    .         Harm     .   (no gloves)
MR       .....                  l - +0 pair of boots
Stlth    ++........             (no amulet)
HPRegen  0.16/turn              g - -2 ring of evasion (curse)
MPRegen  0.11/turn              h - +6 ring of evasion

@: no status effects
A: small, carnivore
a: Renounce Religion


You were on level 6 of the Dungeon.
You worshipped Okawaru.
Okawaru was noncommittal.
You were very hungry.

You visited 2 branches of the dungeon, and saw 7 of its levels.

You collected 236 gold pieces.

Inventory:

Hand Weapons
 a - a +1 hand crossbow (weapon)
 b - a +0 short sword
Missiles
 d - 40 bolts (quivered)
Armour
 c - a +0 leather armour (worn)
 l - a +0 pair of boots (worn)
Jewellery
 g - a cursed -2 ring of evasion (left hand)
 h - a +6 ring of evasion (right hand)
Wands
 w - a wand of clouds (2)
 A - a wand of polymorph (6)
Scrolls
 i - 2 scrolls of fog {unknown}
 j - 2 scrolls of blinking {unknown}
 k - 3 scrolls of remove curse {unknown}
 m - a scroll of magic mapping {unknown}
 n - 3 scrolls of teleportation {unknown}
 o - 3 scrolls of identify {unknown}
 q - a scroll of amnesia {unknown}
 s - a scroll of immolation {unknown}
 v - 2 scrolls of enchant weapon {unknown}
 y - a scroll of noise {unknown}
 B - a scroll of random uselessness {unknown}
Potions
 e - a potion of mutation {unknown}
 p - 2 potions of curing {unknown}
 r - a potion of haste {unknown}
 t - a potion of degeneration {unknown}
 u - 2 potions of agility {unknown}
 x - a potion of flight {unknown}
 z - 2 potions of ambrosia {unknown}
 C - a potion of magic {unknown}
Comestibles
 f - 12 rations


   Skills:
 + Level 5.0 Fighting
 * Level 8.7 Crossbows
 + Level 5.5 Dodging
 - Level 1.3 Stealth


You had 7 spell levels left.
You didn't know any spells.
Your spell library contained the following spells:

 Spells                   Type           Power        Failure   Level  Hunger
 Corona                   Hex            #......      43%         1    ##.....
 Ensorcelled Hibernation  Hex/Ice        #.....       56%         2    ###....
 Confuse                  Hex            #.......     80%         3    ####...
 Dazzling Spray           Conj/Hex       #.....       80%         3    ####...
 Tukima's Dance           Hex            #.......     80%         3    ####...


Dungeon Overview and Level Annotations

Branches:
Dungeon (6/15)             Temple (1/1) D:6

Altars:
Ashenzari
Cheibriados
Dithmenos
Elyvilon
Fedhas
Gozag
Hepliaklqana
Kikubaaqudgha
Makhleb
Nemelex Xobeh
Okawaru
Qazlal
Ru
Sif Muna
Trog
Uskayaw
Vehumet
Wu Jian
Xom
Yredelemnul
Zin
The Shining One

Shops:
D:4 *   D:5 =

Annotations:
D:1 exclusion: downstairs


Innate Abilities, Weirdness & Mutations

You are small and have problems with some larger weapons.
You are carnivorous and can eat meat at any time.


Message History

Firing (i - inventory)
d - 43 bolts (quivered)
Press: ? - help, Shift-Dir - straight line, f/p - orc warrior
Aim: an orc warrior, wielding a +0 battleaxe and wearing a +0 plate armour (lightly wounded)
You shoot a bolt. The bolt hits the orc warrior.
The orc warrior is moderately wounded.
The orc closely misses you.
Firing (i - inventory)
d - 42 bolts (quivered)
Press: ? - help, Shift-Dir - straight line, f/p - orc warrior
Aim: an orc warrior, wielding a +0 battleaxe and wearing a +0 plate armour (moderately wounded)
You shoot a bolt. The bolt barely misses the orc warrior.
The orc warrior hits you with a +0 battleaxe!
The orc hits you with a +0 hand axe.
* * * LOW HITPOINT WARNING * * *
Firing (i - inventory)
d - 41 bolts (quivered)
Press: ? - help, Shift-Dir - straight line, f/p - orc warrior
Aim: an orc warrior, wielding a +0 battleaxe and wearing a +0 plate armour (moderately wounded)
You shoot a bolt.
The bolt closely misses the orc warrior.
The orc warrior hits you with a +0 battleaxe!
You die...

#..#+##....###.#
###...........#...
#(............#...
#.#...........#...
##'##..........#...
##≈.§########..##..#
##≈≈[≈≈## #..##+##
#≈≈oo.≈≈# ........
#≈..@..≈# .......
#≈≈...≈≈# ..#####
##≈≈.≈≈## #..#
#≈≈≈##.# ##+##...
##### ... #.......
.##. #....... # .
#......# #......#
#.###..#


You could see an orc warrior and an orc.

Vanquished Creatures
  2 orc warriors
  A bullfrog (D:6)
  A crimson imp (D:5)
  3 hounds
  3 orc wizards
  An orc priest (D:6)
  A centaur skeleton (D:4)
  4 worker ants
  A hound skeleton (D:4)
  5 adders
  An ooze (D:1)
  2 worms (D:2)
  18 orcs
  2 ball pythons (D:3)
  8 giant cockroaches
  8 goblins
  8 hobgoblins
  3 jackals (D:5)
  9 kobolds
  2 quokkas
  9 bats
  7 frilled lizards
  A giant cockroach zombie (D:5)
  A jackal skeleton (D:4)
  10 rats
111 creatures vanquished.

Notes
Turn   | Place    | Note
-------+----------+-------------------------------------------
     0 | D:1      | PentaManta the Kobold Hunter began the quest for the Orb.
     0 | D:1      | Reached XP level 1. HP: 12/12 MP: 1/1
    51 | D:1      | Reached skill level 5 in Crossbows
   185 | D:1      | Reached XP level 2. HP: 18/18 MP: 2/2
   453 | D:1      | Reached XP level 3. HP: 22/22 MP: 3/3
  1600 | D:2      | Reached XP level 4. HP: 27/27 MP: 4/4
  1602 | D:2      | Noticed an orc warrior
  1951 | D:2      | Killed an orc warrior
  1951 | D:2      | Reached skill level 6 in Crossbows
  1951 | D:2      | Reached XP level 5. HP: 14/32 MP: 5/5
  2586 | D:2      | Reached XP level 6. HP: 35/37 MP: 6/6
  3098 | D:4      | Reached skill level 7 in Crossbows
  3308 | D:4      | Found Jaud's General Store.
  3502 | D:5      | Entered Level 5 of the Dungeon
  3526 | D:5      | Reached XP level 7. HP: 41/43 MP: 7/7
  3784 | D:5      | Noticed a water elemental
  3786 | D:5      | Found a stormy altar of Qazlal.
  3788 | D:5      | Noticed an air elemental
  3788 | D:5      | Noticed a fire elemental
  3827 | D:5      | Reached skill level 5 in Dodging
  3840 | D:5      | Reached skill level 8 in Crossbows
  4211 | D:5      | Found Systrio's Jewellery Shoppe.
  4318 | D:6      | Found a staircase to the Ecumenical Temple.
  4338 | Temple   | Entered the Ecumenical Temple
  4343 | Temple   | Became a worshipper of Warmaster Okawaru
  4448 | D:6      | Reached XP level 8. HP: 40/48 MP: 8/8
  4509 | D:6      | Reached skill level 5 in Fighting
  4622 | D:6      | Slain by an orc warrior

Skill      XL: |  1  2  3  4  5  6  7  8 |
---------------+-------------------------+-----
Crossbows      | 5 6 7 8 |  8.7
Dodging        | 3 4 5 |  5.5
Fighting       | 3 4 5 |  5.0
Stealth        | |  1.3

Action                   |  1- 3 |  4- 6 |  7- 9 || total
-------------------------+-------+-------+-------++-------
Melee: Short sword       |   138 |       |       ||   138
 Fire: Hand crossbow     |    13 |   134 |   124 ||   271
 Stab: Sleeping          |     1 |       |       ||     1
  Eat: Chunk             |     3 |     4 |     3 ||    10
Armor: Leather armour    |    27 |    10 |     7 ||    44
Dodge: Dodged            |   131 |    75 |    51 ||   257
